 Dungeon Crawl Stone Soup version 0.27-a0-1525-g1038ab4fd7 (console) character file.

Game seed: 1784700424166229836

39918 jejorda2 the Impaler (level 14, -3/114 HPs)
             Began as a Merfolk Berserker on July 10, 2021.
             Was the Champion of Trog.
             Splashed by an oklob plant's acid (8 damage)
             ... on level 5 of the Lair of Beasts.
             The game lasted 00:36:59 (16426 turns).

jejorda2 the Impaler (Merfolk Berserker)           Turns: 16426, Time: 00:37:04

Health: -3/114     AC: 19    Str: 23    XL:     14   Next: 8%
Magic:  14/14      EV: 11    Int:  7    God:    Trog [******]
Gold:   571        SH:  0    Dex: 15    Spells: 13/13 levels left

rFire    + . .     SeeInvis .   a - +8 glaive {elec, spectral, AC+5}
rCold    . . .     Faith    +   (shield currently unavailable)
rNeg     . . .     Spirit   .   B - +0 chain mail {rF+}
rPois    .         Reflect  .   p - +2 helmet
rElec    .         Harm     .   E - +2 cloak
rCorr    .         Rampage  .   q - +2 pair of gloves
Will     ++...                  M - +0 pair of boots
Stlth    ..........             O - amulet of faith
HPRegen  0.29/turn              r - ring of willpower
MPRegen  0.14/turn              o - ring of the Octopus King {Wiz AC+1 EV+1 Str+1 Int+1 Dex+1}

@: corroded, on berserk cooldown, slowed, very slow
A: (nimble swimmer 2), mertail
a: Renounce Religion, Berserk, Trog's Hand, Brothers in Arms


You were on level 5 of the Lair of Beasts.
You worshipped Trog.
Trog was exalted by your worship.
You visited 2 branches of the dungeon, and saw 14 of its levels.
You also visited: Ossuary.

You collected 941 gold pieces.
You spent 370 gold pieces at shops.

Inventory:

Hand Weapons
 a - the +8 glaive of the Guard (weapon) {elec, spectral, AC+5}
   (You found it on level 9 of the Dungeon)

   Occasionally, upon striking a foe, it can discharge electrical energy and
   cause terrible harm.
   When it strikes, its spirit leaps out and fights alongside the wielder.
   AC:        It affects your AC (+5).
 b - a +7 glaive of flaming
 w - a +1 antimagic halberd
Missiles
 f - 59 poisoned darts (quivered)
 g - 8 javelins
 u - 15 boomerangs
 P - a throwing net
Armour
 p - a +2 helmet (worn)
 q - a +2 pair of gloves (worn)
 B - a +0 chain mail of fire resistance (worn)
 E - a +2 cloak (worn)
 M - a +0 pair of boots (worn)
Jewellery
 o - a ring of the Octopus King (right hand) {Wiz AC+1 EV+1 Str+1 Int+1 Dex+1}
   (You bought it in a shop on level 3 of the Dungeon)

   [ring of wizardry]

   It improves your spell success rate.
   AC:        It affects your AC (+1).
   EV:        It affects your evasion (+1).
   Str:       It affects your strength (+1).
   Int:       It affects your intelligence (+1).
   Dex:       It affects your dexterity (+1).
 r - a ring of willpower (left hand)
 x - a ring of protection from fire
 y - a ring of fire
 z - the macabre finger necklace {rN+}
   (You found it on level 5 of the Lair of Beasts)

   [amulet of nothing]

   It enables you to equip an extra ring.
   rN:        It protects you from negative energy.
 C - a ring of flight
 H - a ring of ice
 O - an amulet of faith (around neck)
Wands
 n - a wand of paralysis (19)
 I - a wand of flame (36)
 J - a wand of mindburst (13)
 K - a wand of polymorph (11)
 L - a wand of charming (6)
Scrolls
 l - 9 scrolls of teleportation
 s - a scroll of magic mapping
 N - 2 scrolls of fear
Potions
 c - 4 potions of might
 d - 4 potions of attraction
 e - a potion of degeneration {unknown}
 h - 6 potions of heal wounds
 i - 4 potions of cancellation
 j - 3 potions of ambrosia
 k - 2 potions of mutation {unknown}
 m - 2 potions of brilliance {unknown}
 t - 9 potions of curing
 v - 2 potions of lignification {unknown}
 A - a potion of berserk rage {unknown}
 D - 3 potions of flight
 F - 2 potions of haste {unknown}
 G - a potion of magic {unknown}


   Skills:
 + Level 11.9 Fighting
 - Level 20.0 Polearms
 + Level 11.2 Throwing
 - Level 6.0 Armour
 - Level 6.0 Dodging
 - Level 6.0 Evocations


You had 13 spell levels left.
You didn't know any spells.
Your spell library was empty.

Dungeon Overview and Level Annotations

Branches:
Dungeon (9/15)             Temple (0/1) D:4            Lair (5/6) D:8
 Shoals (0/4) Lair:2        Snake (0/4) Lair:3      Ossuary (visited)
  Slime: Lair:5-6       Orc: D:9-12

Altars:
Fedhas
Wu Jian
Yredelemnul

Shops:
D:3 *   D:6 *   D:7 *

Annotations:
D:4 3 runed translucent doors, porpoise's ghost, weakling FoDe
Lair:5 exclusion: 2 oklob plants


Innate Abilities, Weirdness & Mutations

((You are quick and stealthy near water. (Stealth+, EV+, Speed+++)))
Your lower body shifts to a powerful aquatic tail in water.


Message History

The oklob plant spits acid at you.
The splash of acid hits you but does no damage.
The acid corrodes you!
You are splashed with acid!
You feel a strong urge to attack something.
You are no longer berserk.
You are exhausted.
You feel yourself slow down. The oklob plant spits acid at you.
The splash of acid hits you but does no damage.
You are splashed with acid!
The oklob plant spits acid at you. The splash of acid hits you.
You are splashed with acid!!
The oklob plant spits acid at you. The splash of acid hits you.
You are splashed with acid!
The oklob plant spits acid at you.
The splash of acid hits you but does no damage.
You are splashed with acid!
* * * LOW HITPOINT WARNING * * *
The oklob plant spits acid at you.
The splash of acid hits you but does no damage.
You are splashed with acid!
* * * LOW HITPOINT WARNING * * *
You see here a potion of flight.
Unknown command.
Reach: a) +8 glaive {elec, spectral, AC+5}
Press: ? - help, Dir - move target, f - oklob plant
Aim: an oklob plant (about 2% to evade the +8 glaive of the Guard)
You reach to attack!
You slash the oklob plant!
The oklob plant is moderately damaged.
Your spectral +8 glaive of the Guard {elec, spectral, AC+5} hits the oklob plant from afar!!
The oklob plant spits acid at your spectral +8 glaive of the Guard {elec, spectral, AC+5}.
The splash of acid hits your spectral +8 glaive of the Guard {elec, spectral, AC+5}!
Your spectral +8 glaive of the Guard {elec, spectral, AC+5} is splashed with acid.
Your spectral weapon shares its damage with you! x2
* * * LOW HITPOINT WARNING * * *
The oklob plant spits acid at you. The splash of acid hits you!
* * * LOW HITPOINT WARNING * * *
You are splashed with acid!
You die...

#### # ##### #######.P# ###
##...###P$($$#..## ..#
##..P...#..?$.#...## ###
#.......#@(...#....# #.#
#.......#.$...#..P.#### .##
##.......#..P!?#...P(.P###
P##
#...<....#.....#..P......#
.P#
##..................##...##
.##
#..................#.....#
.##
#...........[......#......
..#
#.........................
..##
##..............#.........


You could see 2 oklob plants and a friendly spectral +8 glaive of the Guard
{elec, spectral, AC+5} (summoned).

Vanquished Creatures
  Fannar (Lair:1)
  7 hydras
  2 catoblepae (Lair:4)
  A boulder beetle (Lair:5)
  Pikel (D:4)
  2 oklob plants (Lair:5)
  11 elephants
  2 black mambas (Lair:1)
  10 cane toads
  Maggie (D:6)
  A gargoyle (D:9)
  A rime drake (Lair:1)
  5 komodo dragons
  Psyche (D:9)
  4 merfolk (Lair:2)
  A polar bear (Lair:5)
  A hornet (D:9)
  Prince Ribbit (D:5)
  26 blink frogs
  6 dream sheep (Lair:4)
  Sigmund (D:3)
  31 yaks
  A wraith (D:9)
  2 basilisks (Lair:2)
  3 steam dragons
  2 vampire mosquitoes (D:9)
  Menkaure (D:4)
  4 nagas (Lair:3)
  16 water moccasins
  Duvessa (D:6)
  An ice beast (D:8)
  An ogre (D:4)
  2 orc warriors
  4 black bears
  2 sky beasts
  6 centaurs
  19 wolves
  2 lemures (D:3)
  A wyvern zombie (D:8)
  12 bullfrogs
  Blork the orc (D:6)
  3 scorpions
  Dowan (D:6)
  A water moccasin skeleton (D:6)
  15 wights (D:8)
  A vampire bat (Lair:4)
  5 howler monkeys
  5 centaur zombies
  2 hounds
  2 human zombies (Ossuary)
  Crazy Yiuf (D:6)
  2 gnoll shamans
  10 orc priests
  A jelly (D:5)
  Ijyb (D:3)
  7 orc wizards
  A killer bee zombie (D:8)
  Robin (D:3)
  2 mummies (Ossuary)
  15 gnolls
  A howler monkey skeleton (D:5)
  7 adders
  An ufetubus (D:7)
  2 adder zombies (Ossuary)
  2 adder skeletons
  2 worms
  2 dart slugs
  25 orcs
  12 ball pythons
  10 endoplasms
  5 giant cockroaches
  17 goblins
  5 hobgoblins
  2 jackals (D:2)
  6 kobolds
  3 quokkas
  12 bats
  5 frilled lizards
  2 goblin zombies (D:5)
  9 hobgoblin zombies (Ossuary)
  A jackal zombie (Ossuary)
  9 kobold zombies (Ossuary)
  10 orc zombies (Ossuary)
  13 rats
437 creatures vanquished.

Vanquished Creatures (others)
  35 fungi
  30 plants
65 creatures vanquished.

Grand Total: 502 creatures vanquished

Notes
Turn   | Place    | Note
-------+----------+-------------------------------------------
     0 | D:1      | jejorda2 the Merfolk Berserker began the quest for the Orb.
     0 | D:1      | Reached XP level 1. HP: 18/18 MP: 1/1
    68 | D:1      | Found a faded altar of an unknown god.
    88 | D:1      | Reached skill level 5 in Polearms
    88 | D:1      | Reached XP level 2. HP: 24/24 MP: 2/2
   291 | D:1      | Reached XP level 3. HP: 29/29 MP: 3/3
   713 | D:2      | Reached ** piety under Trog
   725 | D:2      | You fall into a shaft and drop 2 floors!
   886 | D:2      | Found an ornate altar of the Wu Jian Council.
  1086 | D:2      | Reached XP level 4. HP: 37/37 MP: 4/4
  1388 | D:2      | Reached skill level 6 in Polearms
  1955 | D:3      | Noticed Sigmund
  1969 | D:3      | Killed Sigmund
  1970 | D:3      | Reached skill level 7 in Polearms
  1970 | D:3      | Reached XP level 5. HP: 43/43 MP: 5/5
  1970 | D:3      | Reached XP level 6. HP: 49/49 MP: 6/6
  2327 | D:3      | Noticed Ijyb
  2346 | D:3      | Killed Ijyb
  2347 | D:3      | Reached skill level 8 in Polearms
  2650 | D:3      | Reached *** piety under Trog
  2743 | D:3      | Noticed Robin
  2758 | D:3      | Killed Robin
  2770 | D:3      | Reached skill level 5 in Fighting
  2822 | D:3      | Found Pafaqola's Assorted Antiques.
  2827 | D:3      | Bought a scroll labelled SAHUME FOSUZ for 23 gold pieces
  2856 | D:3      | Reached XP level 7. HP: 56/56 MP: 7/7
  3243 | D:4      | Noticed Pikel
  3530 | D:4      | Killed Pikel
  3531 | D:4      | Reached skill level 10 in Polearms
  3531 | D:4      | Reached XP level 8. HP: 64/64 MP: 8/8
  3685 | D:4      | Found a staircase to the Ecumenical Temple.
  4096 | D:4      | Noticed Menkaure
  4105 | D:4      | Killed Menkaure
  4172 | D:4      | You fall into a shaft and drop 3 floors!
  4182 | D:7      | Found Neorr's General Store.
  4198 | D:7      | Reached skill level 11 in Polearms
  4204 | D:7      | Bought a potion of curing for 48 gold pieces
  4324 | D:5      | Entered Level 5 of the Dungeon
  4411 | D:5      | Found a sand-covered staircase.
  4422 | Ossuary  | Entered an ossuary
  4486 | Ossuary  | Reached **** piety under Trog
  4710 | Ossuary  | Reached skill level 12 in Polearms
  4773 | D:4      | Found a runed translucent gate.
  4773 | D:4      | Found a runed translucent gate.
  4773 | D:4      | Found a runed translucent gate.
  4773 | D:4      | Noticed porpoise's ghost (weakling FoDe)
  4911 | D:4      | Reached ***** piety under Trog
  5476 | D:5      | Reached XP level 9. HP: 69/69 MP: 9/9
  5849 | D:5      | Noticed Prince Ribbit
  5864 | D:5      | Killed Prince Ribbit
  6063 | D:5      | Reached skill level 5 in Armour
  6073 | D:5      | Reached skill level 13 in Polearms
  6623 | D:3      | Bought a ring of the Octopus King for 115 gold pieces
  6623 | D:3      | Found the ring of the Octopus King {Wiz AC+1 EV+1 Str+1
                  | Int+1 Dex+1}
  6623 | D:3      | Found the ring of the Octopus King {Wiz AC+1 EV+1 Str+1
                  | Int+1 Dex+1}
  6736 | D:6      | Noticed Dowan
  6736 | D:6      | Noticed Duvessa
  6823 | D:6      | Noticed Blork the orc
  6830 | D:6      | Killed Blork the orc
  6911 | D:6      | Found Qepileoc's Assorted Antiques.
  7049 | D:6      | Bought a scroll labelled WAUHYX WEZISE for 25 gold pieces
  7172 | D:6      | Noticed Maggie
  7187 | D:6      | Killed Maggie
  7188 | D:6      | Reached skill level 14 in Polearms
  7372 | D:6      | Killed Duvessa
  7382 | D:6      | Killed Dowan
  7754 | D:6      | Reached XP level 10. HP: 76/76 MP: 10/10
  7806 | D:6      | Reached skill level 15 in Polearms
  8183 | D:6      | Found a runed translucent door.
  8184 | D:6      | Noticed Crazy Yiuf
  8190 | D:6      | Killed Crazy Yiuf
  8303 | D:6      | Bought a bubbling green potion for 22 gold pieces
  8303 | D:6      | Bought a silvery potion for 22 gold pieces
  9110 | D:3      | Bought a twisted garnet amulet for 115 gold pieces
  9359 | D:8      | Found a blossoming altar of Fedhas.
  9375 | D:8      | Reached skill level 16 in Polearms
  9507 | D:8      | Reached skill level 5 in Dodging
  9550 | D:8      | Received a gift from Trog
  9777 | D:8      | Found a staircase to the Lair.
  9946 | D:9      | Found the +8 glaive of the Guard {elec, spectral, AC+5}
 10096 | D:9      | Noticed a gargoyle
 10099 | D:9      | Noticed Psyche
 10115 | D:9      | Reached skill level 17 in Polearms
 10117 | D:9      | Killed a gargoyle
 10119 | D:9      | Killed Psyche
 10120 | D:9      | Reached XP level 11. HP: 55/81 MP: 11/11
 10286 | D:9      | Reached skill level 18 in Polearms
 10729 | Lair:1   | Entered Level 1 of the Lair of Beasts
 10734 | Lair:1   | Noticed a seven-headed hydra
 10737 | Lair:1   | Noticed Fannar
 10742 | Lair:1   | Killed a four-headed hydra
 10743 | Lair:1   | Reached skill level 19 in Polearms
 10751 | Lair:1   | Killed Fannar
 11027 | Lair:1   | Reached skill level 20 in Polearms
 11027 | Lair:1   | Reached skill level 1 in Throwing
 11027 | Lair:1   | Reached skill level 1 in Evocations
 11146 | Lair:1   | Reached XP level 12. HP: 82/88 MP: 12/12
 11409 | Lair:1   | Found a basalt altar of Yredelemnul.
 11933 | Lair:2   | Reached skill level 5 in Throwing
 11933 | Lair:2   | Reached skill level 5 in Evocations
 12089 | Lair:2   | Identified the +1 morningstar "Filyrghoc" {vorpal, Str+6}
 12161 | Lair:2   | Noticed a four-headed hydra
 12168 | Lair:2   | Killed a one-headed hydra
 12229 | Lair:2   | Found a staircase to the Shoals.
 12376 | Lair:2   | Noticed a six-headed hydra
 12383 | Lair:2   | Received a gift from Trog
 12389 | Lair:2   | Killed a one-headed hydra
 12933 | Lair:3   | Found a staircase to the Snake Pit.
 12939 | Lair:3   | Reached XP level 13. HP: 85/99 MP: 13/13
 14164 | Lair:4   | Reached skill level 10 in Fighting
 14351 | Lair:4   | Reached ****** piety under Trog
 14952 | Lair:5   | Reached skill level 10 in Throwing
 15099 | Lair:5   | Received a gift from Trog
 15495 | Lair:5   | Reached XP level 14. HP: 112/114 MP: 14/14
 15744 | Lair:5   | Found the macabre finger necklace {rN+}
 16426 | Lair:5   | HP: 5/114 [oklob plant/splash of acid (13)]
 16426 | Lair:5   | Splashed by an oklob plant's acid

Illustrated notes

Levels and vault maps discovered:
D:1:      dpeg_arrival_ternary, layout_basic,
          hellmonk_ecumenical_altar_pennies_from_heaven, grunt_decor_fettered
D:2:      layout_basic, basic_altar, minmay_goblin_outpost
D:3:      layout_loops_ring, serial_shops, shop, minivault_24, uniq_robin,
          uniq_ijyb, uniq_sigmund
D:4:      layout_gridville, minmay_temple_entry_ruins,
          gammafunk_ghost_nasty_kobolds, uniq_menkaure, uniq_pikel
D:5:      layout_basic, enter_ossuary_4, uniq_prince_ribbit1
D:6:      layout_loops_ring, serial_shops, nicolae_shop_overgrown_old_shop,
          kennysheep_generic_room_5, uniq_blork_the_orc,
          uniq_crazy_yiuf_cottage, uniq_duvessa, uniq_maggie
D:7:      layout_rooms, serial_shops, shop, kennysheep_generic_room_2
D:8:      layout_cave_pools, fedhas_bush_and_centaur_altar, lair_entry_dummy,
          serial_park_tiny_pond
D:9:      layout_rooms, uniq_psyche
Lair:1:   layout_small_grid, basic_altar, serial_bayou_shore_b,
          serial_bayou_shore_b, serial_bayou_shore_b, uniq_fannar
Lair:2:   layout_misc_corridors, elwin_shoals_entry_stream, serial_bayou_pond_c,
          beast_lair_carwin_5
Lair:3:   layout_long_grid, minmay_snake_entry_guardpost_small, serial_rivers,
          chequers_serial_rivers_room_a, chequers_serial_rivers_micro_e,
          chequers_serial_rivers_large_a, chequers_serial_rivers_room_b,
          chequers_serial_rivers_small_b, chequers_serial_rivers_micro_b,
          infiniplex_staircase_pool
Lair:4:   layout_regular_city, serial_bayou_pond_d, roderic_batcave
Lair:5:   layout_cave_pods, serial_bayou_pond_e, minmay_lair_oklob_chamber

Skill      XL: |  1  2  3  4  5  6  7  8  9 10 11 12 13 |
---------------+----------------------------------------+-----
Polearms       | 5 7 8 10 12 14 17 20 | 20.0
Armour         | 2 3 4 5 6 |  6.0
Fighting       | 4 5 6 8 11 | 11.9
Dodging        | 6 |  6.0
Throwing       | 3 8 11 | 11.2
Evocations     | 3 6 |  6.0

Action                   |  1- 3 |  4- 6 |  7- 9 | 10-12 | 13-15 || total
-------------------------+-------+-------+-------+-------+-------++-------
Melee: Spear             |   126 |   200 |   382 |       |       ||   708
       Trident           |       |       |   140 |       |       ||   140
       Halberd           |       |       |    26 |   141 |       ||   167
       Glaive            |       |       |       |   207 |   160 ||   367
Throw: Dart              |       |       |     9 |    32 |       ||    41
Invok: Berserk           |     1 |     4 |     8 |     3 |     2 ||    18
       Trog's Hand       |       |     2 |     3 |       |       ||     5
  Use: Scroll            |       |       |    11 |     8 |     7 ||    26
 Stab: Distracted        |       |       |       |     1 |     2 ||     3
Armor: Ring mail         |    30 |    29 |       |       |       ||    59
       Animal skin       |     1 |       |       |       |       ||     1
       Chain mail        |       |    15 |   131 |   103 |    60 ||   309
Dodge: Dodged            |    52 |    50 |   115 |    97 |    39 ||   353
Block: Other             |       |       |       |    29 |       ||    29
       Reflection        |       |       |       |     4 |       ||     4

Table legend: (Time is in decaauts)
 A = Elapsed time spent in this place.
 B = Non-inter-level travel time spent in this place.
 C = Inter-level travel time spent in this place.
 D = Time resting spent in this place.
 E = Time spent auto-exploring this place.
 F = Levels seen in this place.
 G = Mean time per level.
                   A        B        C        D        E       F      G
               +--------+--------+--------+--------+--------+-----+--------+
         Total |  16121 |  15246 |    875 |   1332 |  11551 |  15 | 1074.7 |
       Dungeon |  10267 |   9524 |    743 |    749 |   7142 |   9 | 1140.8 |
          Lair |   5584 |   5452 |    132 |    529 |   4366 |   5 | 1116.8 |
       Ossuary |    270 |    270 |      0 |     52 |     43 |   1 |  270.0 |
               +--------+--------+--------+--------+--------+-----+--------+

Top non-repeatable levels by time:
     D:6: 1665 daAuts
     D:3: 1638 daAuts
  Lair:5: 1466 daAuts
     D:4: 1464 daAuts
     D:5: 1463 daAuts
     D:2: 1205 daAuts
  Lair:4: 1181 daAuts
  Lair:1: 1119 daAuts
  Lair:2: 1011 daAuts
     D:9: 808 daAuts
  Lair:3: 805 daAuts
     D:8: 699 daAuts
     D:7: 679 daAuts
     D:1: 642 daAuts
 Ossuary: 270 daAuts
